Workbook

Sheet CASE1　譲渡所得（実額）
B2: CASE1 実額の取得費が分かる場合（①契約書などで消費税相当額が把握可能な場合又は②契約書などで土地・建物の内訳が把握可能な場合）
G4: 入力セル
B5: 譲渡所得税の概算計算表
B6: 項目 | G6: 居住用 | H6: 備考 | L6: 西暦（yyyy/mm/dd) | M6: 和暦 | P6: 長期（5年超、10年超）の判定
B7: =ROW()-ROW($B$6) -> 1 | C7: 区分（長期、短期） | G7: 特別控除・軽課の特例 | H7: プルダウン | K7: 購入時期 | L7: 29926 | M7: =L7 -> 29926 | P7: R6譲渡 | Q7: 5年 | R7: 平成30年（2018年）12月31日以前
B8: =ROW()-ROW($B$6) -> 2 | C8: 譲渡収入 | G8: 0 | K8: 売却時期 | L8: 45657 | M8: =L8 -> 45657 | P8: 2024 | Q8: 10年 | R8: 平成25年（2013年）12月31日以前
B9: =ROW()-ROW($B$6) -> 3 | C9: 取得費 | G9: =G10+G15 -> 0 | H9: 3＝4+9 | K9: 経過年数 | L9: =IFERROR(ROUND(DATEDIF(L7,L8,"M")/12,0),0) -> 43 | P9: R7譲渡 | Q9: 5年 | R9: 平成31年/令和元年（2019年）12月31日以前
B10: =ROW()-ROW($B$6) -> 4 | D10: 未償却残高 | G10: =MAX(G11-G12,G11*5%) -> 0 | H10: 4＝5-6 | P10: 2025 | Q10: 10年 | R10: 平成26年（2014年）12月31日以前
B11: =ROW()-ROW($B$6) -> 5 | E11: 建物価額 | G11: 0 | K11: 実額の取得費 | P11: R8譲渡 | Q11: 5年 | R11: 令和2年（2020年）12月31日以前
B12: =ROW()-ROW($B$6) -> 6 | E12: 減価償却費累計額 | G12: =ROUNDDOWN(G11*0.9*G13,0)*G14 -> 0 | H12: 6＝5*0.9*7*8 | K12: 建物 | L12: 土地 | N12: 備考 | P12: 2026 | Q12: 10年 | R12: 平成27年（2015年）12月31日以前
B13: =ROW()-ROW($B$6) -> 7 | F13: 償却率 | G13: 0.015 | H13: 鉄筋：0.015、木造：0.031など | K13: 0 | L13: 0 | M13: =SUM(K13:L13) -> 0 | N13: 本体 | P13: R9譲渡 | Q13: 5年 | R13: 令和3年（2021年）12月31日以前
B14: =ROW()-ROW($B$6) -> 8 | F14: 経過年数 | G14: =L9 -> 43 | K14: 0 | L14: N/A | M14: =SUM(K14:L14) -> 0 | N14: 消費税 | P14: 2027 | Q14: 10年 | R14: 平成28年（2016年）12月31日以前
B15: =ROW()-ROW($B$6) -> 9 | D15: 土地価額 | G15: 0 | K15: 0 | L15: N/A | M15: =SUM(K15:L15) -> 0 | N15: リフォーム | P15: R10譲渡 | Q15: 5年 | R15: 令和4年（2022年）12月31日以前
B16: =ROW()-ROW($B$6) -> 10 | C16: 譲渡経費 | G16: =SUM(G17:G19) -> 0 | H16: 10＝11～13 | K16: =SUM(K13:K15) -> 0 | L16: =SUM(L13:L15) -> 0 | M16: =SUM(K16:L16) -> 0 | P16: 2028 | Q16: 10年 | R16: 平成29年（2017年）12月31日以前
B17: =ROW()-ROW($B$6) -> 11 | D17: 仲介手数料 | G17: 0 | K17: =IFERROR(ROUNDDOWN(M17*$K$16/$M$16,0),"-") -> - | L17: =IFERROR(M17-K17,"-") -> - | M17: 0 | N17: 仲介手数料 | P17: R11譲渡 | Q17: 5年 | R17: 令和5年（2023年）12月31日以前
B18: =ROW()-ROW($B$6) -> 12 | D18: 印紙代 | G18: 0 | K18: =IFERROR(ROUNDDOWN(M18*$K$16/$M$16,0),"-") -> - | L18: =IFERROR(M18-K18,"-") -> - | M18: 0 | N18: 移転登記 | P18: 2029 | Q18: 10年 | R18: 平成30年（2018年）12月31日以前
B19: =ROW()-ROW($B$6) -> 13 | D19: その他 | G19: 0 | H19: 測量費など | K19: =IFERROR(ROUNDDOWN(M19*$K$16/$M$16,0),"-") -> - | L19: =IFERROR(M19-K19,"-") -> - | M19: 0 | N19: 不動産取得税 | P19: R12譲渡 | Q19: 5年 | R19: 令和6年（2024年）12月31日以前
B20: =ROW()-ROW($B$6) -> 14 | C20: 譲渡所得 | G20: =ROUNDDOWN(G8-G9-G16,-3) -> 0 | H20: 14＝2-3-10 | K20: =IFERROR(ROUNDDOWN(M20*$K$16/$M$16,0),"-") -> - | L20: =IFERROR(M20-K20,"-") -> - | M20: 0 | N20: 印紙税その他 | P20: 2030 | Q20: 10年 | R20: 平成31年/令和元年（2019年）12月31日以前
B21: =ROW()-ROW($B$6) -> 15 | C21: 特別控除額 | G21: =MAX(IF(OR(G7=プルダウン!$E$5,G7=プルダウン!$E$6,G7=プルダウン!$E$7),MIN(G20,30000000),),0) -> 0 | K21: =SUM(K16:K20) -> 0 | L21: =SUM(L16:L20) -> 0 | N21: 取得価額(G列へ）
B22: =ROW()-ROW($B$6) -> 16 | C22: 譲渡所得（特別控除後） | G22: =G20-G21 -> 0 | H22: 16＝14-15
B23: =ROW()-ROW($B$6) -> 17 | D23: 6,000万円以下の部分 | G23: =IF(G7=プルダウン!$E$7,MIN(G22,60000000),"-") -> 0 | K23: 建物について、消費税から逆算する場合 | N23: 消費税率
B24: =ROW()-ROW($B$6) -> 18 | D24: 6,000万円超の部分 | G24: =IF(G7=プルダウン!$E$7,'CASE1 譲渡所得（実額）'!G22-'CASE1 譲渡所得（実額）'!G23,"-") -> 0 | K24: 消費税等 | L24: 0 | N24: 0.03 | O24: 平成元年（1989）４月1日～平成９年（1997）年３月31日
B25: =ROW()-ROW($B$6) -> 19 | C25: 所得税（復興税含む） | G25: =MAX(ROUNDDOWN(IF(G7=プルダウン!$E$3,'CASE1 譲渡所得（実額）'!G22*プルダウン!$C$5,IF('CASE1 譲渡所得（実額）'!G7=プルダウン!$E$4,'CASE1 譲渡所得（実額）'!G22*プルダウン!$C$4,IF('CASE1 譲渡所得（実額）'!G7=プルダウン!$E$5,'CASE1 譲渡所得（実額）'!G22*プルダウン!$C$5,IF('CASE1 譲渡所得（実額）'!G7=プルダウン!$E$6,'CASE1 譲渡所得（実額）'!G22*プルダウン!$C$4,'CASE1 譲渡所得（実額）'!G23*プルダウン!$C$3+'CASE1 譲渡所得（実額）'!G24*プルダウン!$C$4)))),-2),0) -> 0 | H25: 譲渡年分の翌年3月15日まで納付 | K25: 税率 | L25: 0.05 | M25: →プルダウン | N25: 0.05 | O25: 平成9年（1997）４月1日～平成26年（2014）年３月31日
B26: =ROW()-ROW($B$6) -> 20 | D26: 税率 | G26: =IF(G$7=プルダウン!$E$3,プルダウン!$C$5,IF(G$7=プルダウン!$E$4,プルダウン!$C$4,IF(G$7=プルダウン!$E$5,プルダウン!$C$5,IF(G$7=プルダウン!$E$6,プルダウン!$C$4,プルダウン!$C$6)))) -> 10.21％/15.315％ | K26: 建物価額 | L26: =L24/L25+L24 -> 0 | M26: →セル K13へ | N26: 0.08 | O26: 平成26年（2014）４月1日～令和元年（2019）年9月30日
B27: =ROW()-ROW($B$6) -> 21 | C27: 住民税 | G27: =MAX(ROUNDDOWN(IF(G7=プルダウン!$E$3,'CASE1 譲渡所得（実額）'!G22*プルダウン!$D$5,IF('CASE1 譲渡所得（実額）'!G7=プルダウン!$E$4,'CASE1 譲渡所得（実額）'!G22*プルダウン!$D$4,IF('CASE1 譲渡所得（実額）'!G7=プルダウン!$E$5,'CASE1 譲渡所得（実額）'!G22*プルダウン!$D$5,IF('CASE1 譲渡所得（実額）'!G7=プルダウン!$E$6,'CASE1 譲渡所得（実額）'!G22*プルダウン!$D$4,'CASE1 譲渡所得（実額）'!G23*プルダウン!$D$3+'CASE1 譲渡所得（実額）'!G24*プルダウン!$D$4)))),-2),0) -> 0 | H27: 譲渡年分の翌年６月以降分割納付（4回） | K27: 物件価額(総額） | L27: 0 | M27: →土地・建物の合計額 | N27: 0.1 | O27: 令和元年（2019）年10月1日
B28: =ROW()-ROW($B$6) -> 22 | D28: 税率 | G28: =IF(G$7=プルダウン!$E$3,プルダウン!$D$5,IF(G$7=プルダウン!$E$4,プルダウン!$D$4,IF(G$7=プルダウン!$E$5,プルダウン!$D$5,IF(G$7=プルダウン!$E$6,プルダウン!$D$4,プルダウン!$D$6)))) -> 4%/5% | K28: 土地価額 | L28: =L27-L26 -> 0 | M28: →セル L13へ
B29: =ROW()-ROW($B$6) -> 23 | C29: 所得税（復興税含む）・住民税計 | G29: =G25+G27 -> 0 | H29: 23=19+21
K30: 耐用年数 | L30: 非事業 | M30: 事業
B31: 手取り額の算定（参考） | K31: 木造 | L31: 0.031 | M31: 0.046 | N31: 22年
B32: 項目 | G32: 非事業用 | K32: 鉄筋 | L32: 0.015 | M32: 0.022 | N32: 47年
C33: 譲渡収入 | G33: =G8 -> 0
C34: 譲渡経費 | G34: =-G16 -> 0
C35: 所得税・住民税 | G35: =-G29 -> 0
C36: その他 | H36: 借入金の返済など
C37: その他② | H37: 登記費用など
C38: 手取り額 | G38: =SUM(G33:G37) -> 0
B40: （注）この譲渡所得税の概算計算表は、情報提供の一環として提供するものです。円谷健一税理士事務所は、計算結果の正確性及び安全性に関して責任を負うものではありません。
B41: 詳しは、所轄税務署又は顧問税理士等にご確認ください。

Sheet CASE2　譲渡所得（新築）
B2: CASE2 新築取得で土地・建物の内訳がわからない場合（標準的な建築価額表を用いる場合）
G4: 入力セル
B5: 譲渡所得税の概算計算表
B6: 項目 | G6: 居住用 | H6: 備考 | L6: 西暦（yyyy/mm/dd) | M6: 和暦 | P6: 長期（5年超、10年超）の判定
B7: =ROW()-ROW($B$6) -> 1 | C7: 区分（長期、短期） | G7: 長期（特別控除） | H7: プルダウン | K7: 購入時期 | L7: 29926 | M7: =L7 -> 29926 | P7: R6譲渡 | Q7: 5年 | R7: 平成30年（2018年）12月31日以前
B8: =ROW()-ROW($B$6) -> 2 | C8: 譲渡収入 | G8: 0 | K8: 売却時期 | L8: 45657 | M8: =L8 -> 45657 | P8: 2024 | Q8: 10年 | R8: 平成25年（2013年）12月31日以前
B9: =ROW()-ROW($B$6) -> 3 | C9: 取得費 | G9: =G10+G15 -> 0 | H9: 3＝4+9 | K9: 経過年数 | L9: =IFERROR(ROUND(DATEDIF(L7,L8,"M")/12,0),0) -> 43 | P9: R7譲渡 | Q9: 5年 | R9: 平成31年/令和元年（2019年）12月31日以前
B10: =ROW()-ROW($B$6) -> 4 | D10: 未償却残高 | G10: =MAX(G11-G12,G11*5%) -> 0 | H10: 4＝5-6 | P10: 2025 | Q10: 10年 | R10: 平成26年（2014年）12月31日以前
B11: =ROW()-ROW($B$6) -> 5 | E11: 建物価額 | G11: 0 | K11: 実額の取得費 | P11: R8譲渡 | Q11: 5年 | R11: 令和2年（2020年）12月31日以前
B12: =ROW()-ROW($B$6) -> 6 | E12: 減価償却費累計額 | G12: =ROUNDDOWN(G11*0.9*G13,0)*G14 -> 0 | H12: 6＝5*0.9*7*8 | K12: 建物 | L12: 土地 | N12: 備考 | P12: 2026 | Q12: 10年 | R12: 平成27年（2015年）12月31日以前
B13: =ROW()-ROW($B$6) -> 7 | F13: 償却率 | G13: 0.015 | H13: 鉄筋：0.015、木造：0.031など | K13: 0 | L13: 0 | M13: =SUM(K13:L13) -> 0 | N13: 本体 | P13: R9譲渡 | Q13: 5年 | R13: 令和3年（2021年）12月31日以前
B14: =ROW()-ROW($B$6) -> 8 | F14: 経過年数 | G14: =L9 -> 43 | K14: 0 | L14: N/A | M14: =SUM(K14:L14) -> 0 | N14: 消費税 | P14: 2027 | Q14: 10年 | R14: 平成28年（2016年）12月31日以前
B15: =ROW()-ROW($B$6) -> 9 | D15: 土地価額 | G15: 0 | K15: 0 | L15: N/A | M15: =SUM(K15:L15) -> 0 | N15: リフォーム | P15: R10譲渡 | Q15: 5年 | R15: 令和4年（2022年）12月31日以前
B16: =ROW()-ROW($B$6) -> 10 | C16: 譲渡経費 | G16: =SUM(G17:G19) -> 0 | H16: 10＝11～13 | K16: =SUM(K13:K15) -> 0 | L16: =SUM(L13:L15) -> 0 | M16: =SUM(K16:L16) -> 0 | P16: 2028 | Q16: 10年 | R16: 平成29年（2017年）12月31日以前
B17: =ROW()-ROW($B$6) -> 11 | D17: 仲介手数料 | G17: 0 | K17: =IFERROR(ROUNDDOWN(M17*$K$16/$M$16,0),"-") -> - | L17: =IFERROR(M17-K17,"-") -> - | M17: 0 | N17: 仲介手数料 | P17: R11譲渡 | Q17: 5年 | R17: 令和5年（2023年）12月31日以前
B18: =ROW()-ROW($B$6) -> 12 | D18: 印紙代 | G18: 0 | K18: =IFERROR(ROUNDDOWN(M18*$K$16/$M$16,0),"-") -> - | L18: =IFERROR(M18-K18,"-") -> - | M18: 0 | N18: 移転登記 | P18: 2029 | Q18: 10年 | R18: 平成30年（2018年）12月31日以前
B19: =ROW()-ROW($B$6) -> 13 | D19: その他 | G19: 0 | H19: 測量費など | K19: =IFERROR(ROUNDDOWN(M19*$K$16/$M$16,0),"-") -> - | L19: =IFERROR(M19-K19,"-") -> - | M19: 0 | N19: 不動産取得税 | P19: R12譲渡 | Q19: 5年 | R19: 令和6年（2024年）12月31日以前
B20: =ROW()-ROW($B$6) -> 14 | C20: 譲渡所得 | G20: =ROUNDDOWN(G8-G9-G16,-3) -> 0 | H20: 14＝2-3-10 | K20: =IFERROR(ROUNDDOWN(M20*$K$16/$M$16,0),"-") -> - | L20: =IFERROR(M20-K20,"-") -> - | M20: 0 | N20: 印紙税その他 | P20: 2030 | Q20: 10年 | R20: 平成31年/令和元年（2019年）12月31日以前
B21: =ROW()-ROW($B$6) -> 15 | C21: 特別控除額 | G21: =MAX(IF(OR(G7=プルダウン!$E$5,G7=プルダウン!$E$6,G7=プルダウン!$E$7),MIN(G20,30000000),),0) -> 0 | K21: =SUM(K16:K20) -> 0 | L21: =SUM(L16:L20) -> 0 | N21: 取得価額(G列へ）
B22: =ROW()-ROW($B$6) -> 16 | C22: 譲渡所得（特別控除後） | G22: =G20-G21 -> 0 | H22: 16＝14-15
B23: =ROW()-ROW($B$6) -> 17 | D23: 6,000万円以下の部分 | G23: =IF(G7=プルダウン!$E$7,MIN(G22,60000000),"-") -> - | K23: 建物について、建物の標準的な建築価額表を基に算定
B24: =ROW()-ROW($B$6) -> 18 | D24: 6,000万円超の部分 | G24: =IF(G7=プルダウン!$E$7,'CASE2 譲渡所得（新築）'!G22-'CASE2 譲渡所得（新築）'!G23,"-") -> - | K24: 建築価額 | L24: 0
B25: =ROW()-ROW($B$6) -> 19 | C25: 所得税（復興税含む） | G25: =MAX(ROUNDDOWN(IF(G7=プルダウン!$E$3,'CASE2 譲渡所得（新築）'!G22*プルダウン!$C$5,IF('CASE2 譲渡所得（新築）'!G7=プルダウン!$E$4,'CASE2 譲渡所得（新築）'!G22*プルダウン!$C$4,IF('CASE2 譲渡所得（新築）'!G7=プルダウン!$E$5,'CASE2 譲渡所得（新築）'!G22*プルダウン!$C$5,IF('CASE2 譲渡所得（新築）'!G7=プルダウン!$E$6,'CASE2 譲渡所得（新築）'!G22*プルダウン!$C$4,'CASE2 譲渡所得（新築）'!G23*プルダウン!$C$3+'CASE2 譲渡所得（新築）'!G24*プルダウン!$C$4)))),-2),0) -> 0 | H25: 譲渡年分の翌年3月15日まで納付 | K25: 床面積 | L25: 0
B26: =ROW()-ROW($B$6) -> 20 | D26: 税率 | G26: =IF(G$7=プルダウン!$E$3,プルダウン!$C$5,IF(G$7=プルダウン!$E$4,プルダウン!$C$4,IF(G$7=プルダウン!$E$5,プルダウン!$C$5,IF(G$7=プルダウン!$E$6,プルダウン!$C$4,プルダウン!$C$6)))) -> 0.15315 | K26: 建物価額 | L26: =ROUNDDOWN(L24*L25,0) -> 0 | M26: →セル K13へ
B27: =ROW()-ROW($B$6) -> 21 | C27: 住民税 | G27: =MAX(ROUNDDOWN(IF(G7=プルダウン!$E$3,'CASE2 譲渡所得（新築）'!G22*プルダウン!$D$5,IF('CASE2 譲渡所得（新築）'!G7=プルダウン!$E$4,'CASE2 譲渡所得（新築）'!G22*プルダウン!$D$4,IF('CASE2 譲渡所得（新築）'!G7=プルダウン!$E$5,'CASE2 譲渡所得（新築）'!G22*プルダウン!$D$5,IF('CASE2 譲渡所得（新築）'!G7=プルダウン!$E$6,'CASE2 譲渡所得（新築）'!G22*プルダウン!$D$4,'CASE2 譲渡所得（新築）'!G23*プルダウン!$D$3+'CASE2 譲渡所得（新築）'!G24*プルダウン!$D$4)))),-2),0) -> 0 | H27: 譲渡年分の翌年６月以降分割納付（4回） | K27: 土地価額 | L27: =L28-L26 -> 0 | M27: →セル L13へ
B28: =ROW()-ROW($B$6) -> 22 | D28: 税率 | G28: =IF(G$7=プルダウン!$E$3,プルダウン!$D$5,IF(G$7=プルダウン!$E$4,プルダウン!$D$4,IF(G$7=プルダウン!$E$5,プルダウン!$D$5,IF(G$7=プルダウン!$E$6,プルダウン!$D$4,プルダウン!$D$6)))) -> 0.05 | K28: 総額 | L28: 0 | M28: →土地・建物の合計額
B29: =ROW()-ROW($B$6) -> 23 | C29: 所得税（復興税含む）・住民税計 | G29: =G25+G27 -> 0 | H29: 23=19+21
K30: 耐用年数 | L30: 非事業 | M30: 事業
B31: 手取り額の算定（参考） | K31: 木造 | L31: 0.031 | M31: 0.046 | N31: 22年
B32: 項目 | G32: 非事業用 | K32: 鉄筋 | L32: 0.015 | M32: 0.022 | N32: 47年
C33: 譲渡収入 | G33: =G8 -> 0
C34: 譲渡経費 | G34: =-G16 -> 0
C35: 所得税・住民税 | G35: =-G29 -> 0
C36: その他 | H36: 借入金の返済など
C37: その他② | H37: 登記費用など
C38: 手取り額 | G38: =SUM(G33:G37) -> 0
B40: （注）この譲渡所得税の概算計算表は、情報提供の一環として提供するものです。円谷健一税理士事務所は、計算結果の正確性及び安全性に関して責任を負うものではありません。
B41: 詳しは、所轄税務署又は顧問税理士等にご確認ください。

Sheet CASE3　譲渡所得 (中古)
B2: CASE3 中古取得で土地・建物の内訳がわからない場合（標準的な建築価額表を用いる場合）
G4: 入力セル
B5: 譲渡所得税の概算計算表
B6: 項目 | G6: 居住用 | H6: 備考 | L6: 西暦（yyyy/mm/dd) | M6: 和暦 | P6: 長期（5年超、10年超）の判定
B7: =ROW()-ROW($B$6) -> 1 | C7: 区分（長期、短期） | G7: 長期（特別控除） | H7: プルダウン | K7: 購入時期 | L7: 36866 | M7: =L7 -> 36866 | P7: R6譲渡 | Q7: 5年 | R7: 平成30年（2018年）12月31日以前
B8: =ROW()-ROW($B$6) -> 2 | C8: 譲渡収入 | G8: 0 | K8: 売却時期 | L8: 45657 | M8: =L8 -> 45657 | P8: 2024 | Q8: 10年 | R8: 平成25年（2013年）12月31日以前
B9: =ROW()-ROW($B$6) -> 3 | C9: 取得費 | G9: =G10+G15 -> 0 | H9: 3＝4+9 | K9: 経過年数 | L9: =IFERROR(ROUND(DATEDIF(L7,L8,"M")/12,0),0) -> 24 | P9: R7譲渡 | Q9: 5年 | R9: 平成31年/令和元年（2019年）12月31日以前
B10: =ROW()-ROW($B$6) -> 4 | D10: 未償却残高 | G10: =MAX(G11-G12,G11*5%) -> 0 | H10: 4＝5-6 | P10: 2025 | Q10: 10年 | R10: 平成26年（2014年）12月31日以前
B11: =ROW()-ROW($B$6) -> 5 | E11: 建物価額 | G11: 0 | K11: 実額の取得費 | P11: R8譲渡 | Q11: 5年 | R11: 令和2年（2020年）12月31日以前
B12: =ROW()-ROW($B$6) -> 6 | E12: 減価償却費累計額 | G12: =ROUNDDOWN(G11*0.9*G13,0)*G14 -> 0 | H12: 6＝5*0.9*7*8 | K12: 建物 | L12: 土地 | N12: 備考 | P12: 2026 | Q12: 10年 | R12: 平成27年（2015年）12月31日以前
B13: =ROW()-ROW($B$6) -> 7 | F13: 償却率 | G13: 0.015 | H13: 鉄筋：0.015、木造：0.031など | K13: 0 | L13: 0 | M13: =SUM(K13:L13) -> 0 | N13: 本体 | P13: R9譲渡 | Q13: 5年 | R13: 令和3年（2021年）12月31日以前
B14: =ROW()-ROW($B$6) -> 8 | F14: 経過年数 | G14: =L9 -> 24 | K14: 0 | L14: N/A | M14: =SUM(K14:L14) -> 0 | N14: 消費税 | P14: 2027 | Q14: 10年 | R14: 平成28年（2016年）12月31日以前
B15: =ROW()-ROW($B$6) -> 9 | D15: 土地価額 | G15: 0 | K15: 0 | L15: N/A | M15: =SUM(K15:L15) -> 0 | N15: リフォーム | P15: R10譲渡 | Q15: 5年 | R15: 令和4年（2022年）12月31日以前
B16: =ROW()-ROW($B$6) -> 10 | C16: 譲渡経費 | G16: =SUM(G17:G19) -> 0 | H16: 10＝11～13 | K16: =SUM(K13:K15) -> 0 | L16: =SUM(L13:L15) -> 0 | M16: =SUM(K16:L16) -> 0 | P16: 2028 | Q16: 10年 | R16: 平成29年（2017年）12月31日以前
B17: =ROW()-ROW($B$6) -> 11 | D17: 仲介手数料 | G17: 0 | K17: =IFERROR(ROUNDDOWN(M17*$K$16/$M$16,0),"-") -> - | L17: =IFERROR(M17-K17,"-") -> - | M17: 0 | N17: 仲介手数料 | P17: R11譲渡 | Q17: 5年 | R17: 令和5年（2023年）12月31日以前
B18: =ROW()-ROW($B$6) -> 12 | D18: 印紙代 | G18: 0 | K18: =IFERROR(ROUNDDOWN(M18*$K$16/$M$16,0),"-") -> - | L18: =IFERROR(M18-K18,"-") -> - | M18: 0 | N18: 移転登記 | P18: 2029 | Q18: 10年 | R18: 平成30年（2018年）12月31日以前
B19: =ROW()-ROW($B$6) -> 13 | D19: その他 | G19: 0 | H19: 測量費など | K19: =IFERROR(ROUNDDOWN(M19*$K$16/$M$16,0),"-") -> - | L19: =IFERROR(M19-K19,"-") -> - | M19: 0 | N19: 不動産取得税 | P19: R12譲渡 | Q19: 5年 | R19: 令和6年（2024年）12月31日以前
B20: =ROW()-ROW($B$6) -> 14 | C20: 譲渡所得 | G20: =ROUNDDOWN(G8-G9-G16,-3) -> 0 | H20: 14＝2-3-10 | K20: =IFERROR(ROUNDDOWN(M20*$K$16/$M$16,0),"-") -> - | L20: =IFERROR(M20-K20,"-") -> - | M20: 0 | N20: 印紙税その他 | P20: 2030 | Q20: 10年 | R20: 平成31年/令和元年（2019年）12月31日以前
B21: =ROW()-ROW($B$6) -> 15 | C21: 特別控除額 | G21: =MAX(IF(OR(G7=プルダウン!$E$5,G7=プルダウン!$E$6,G7=プルダウン!$E$7),MIN(G20,30000000),),0) -> 0 | K21: =SUM(K16:K20) -> 0 | L21: =SUM(L16:L20) -> 0 | N21: 取得価額(G列へ）
B22: =ROW()-ROW($B$6) -> 16 | C22: 譲渡所得（特別控除後） | G22: =G20-G21 -> 0 | H22: 16＝14-15
B23: =ROW()-ROW($B$6) -> 17 | D23: 6,000万円以下の部分 | G23: =IF(G7=プルダウン!$E$7,MIN(G22,60000000),"-") -> - | K23: 建物について、中古で取得した場合
B24: =ROW()-ROW($B$6) -> 18 | D24: 6,000万円超の部分 | G24: =IF(G7=プルダウン!$E$7,'CASE3 譲渡所得 (中古)'!G22-'CASE3 譲渡所得 (中古)'!G23,"-") -> - | K24: 新築年月日 | L24: 29926 | M24: =L24 -> 29926
B25: =ROW()-ROW($B$6) -> 19 | C25: 所得税（復興税含む） | G25: =MAX(ROUNDDOWN(IF(G7=プルダウン!$E$3,'CASE3 譲渡所得 (中古)'!G22*プルダウン!$C$5,IF('CASE3 譲渡所得 (中古)'!G7=プルダウン!$E$4,'CASE3 譲渡所得 (中古)'!G22*プルダウン!$C$4,IF('CASE3 譲渡所得 (中古)'!G7=プルダウン!$E$5,'CASE3 譲渡所得 (中古)'!G22*プルダウン!$C$5,IF('CASE3 譲渡所得 (中古)'!G7=プルダウン!$E$6,'CASE3 譲渡所得 (中古)'!G22*プルダウン!$C$4,'CASE3 譲渡所得 (中古)'!G23*プルダウン!$C$3+'CASE3 譲渡所得 (中古)'!G24*プルダウン!$C$4)))),-2),0) -> 0 | H25: 譲渡年分の翌年3月15日まで納付 | K25: 購入日 | L25: 36866 | M25: =L25 -> 36866
B26: =ROW()-ROW($B$6) -> 20 | D26: 税率 | G26: =IF(G$7=プルダウン!$E$3,プルダウン!$C$5,IF(G$7=プルダウン!$E$4,プルダウン!$C$4,IF(G$7=プルダウン!$E$5,プルダウン!$C$5,IF(G$7=プルダウン!$E$6,プルダウン!$C$4,プルダウン!$C$6)))) -> 0.15315 | K26: 経過年数 | L26: =IFERROR(ROUND(DATEDIF(L24,L25,"M")/12,0),0) -> 19 | M26: 新築～購入日まで
B27: =ROW()-ROW($B$6) -> 21 | C27: 住民税 | G27: =MAX(ROUNDDOWN(IF(G7=プルダウン!$E$3,'CASE3 譲渡所得 (中古)'!G22*プルダウン!$D$5,IF('CASE3 譲渡所得 (中古)'!G7=プルダウン!$E$4,'CASE3 譲渡所得 (中古)'!G22*プルダウン!$D$4,IF('CASE3 譲渡所得 (中古)'!G7=プルダウン!$E$5,'CASE3 譲渡所得 (中古)'!G22*プルダウン!$D$5,IF('CASE3 譲渡所得 (中古)'!G7=プルダウン!$E$6,'CASE3 譲渡所得 (中古)'!G22*プルダウン!$D$4,'CASE3 譲渡所得 (中古)'!G23*プルダウン!$D$3+'CASE3 譲渡所得 (中古)'!G24*プルダウン!$D$4)))),-2),0) -> 0 | H27: 譲渡年分の翌年６月以降分割納付（4回） | K27: 標準的な建築価額 | L27: 0
B28: =ROW()-ROW($B$6) -> 22 | D28: 税率 | G28: =IF(G$7=プルダウン!$E$3,プルダウン!$D$5,IF(G$7=プルダウン!$E$4,プルダウン!$D$4,IF(G$7=プルダウン!$E$5,プルダウン!$D$5,IF(G$7=プルダウン!$E$6,プルダウン!$D$4,プルダウン!$D$6)))) -> 0.05 | K28: 床面積 | L28: 0
B29: =ROW()-ROW($B$6) -> 23 | C29: 所得税（復興税含む）・住民税計 | G29: =G25+G27 -> 0 | H29: 23=19+21 | K29: 新築時点の価額 | L29: =L27*L28 -> 0
K30: 償却率 | L30: 0.015
B31: 手取り額の算定（参考） | K31: 減価償却累計額 | L31: =ROUNDDOWN(ROUNDDOWN(L27*L28*0.9*L30,0)*L26,0) -> 0
B32: 項目 | G32: 非事業用 | K32: 中古の建物の取得価額 | L32: =MAX(L27*L28-L31,ROUNDDOWN(L27*L28*5%,0)) -> 0 | M32: →セル K13へ
C33: 譲渡収入 | G33: =G8 -> 0 | K33: 土地価額 | L33: =L34-L32 -> 50000000 | M33: →セル L13へ
C34: 譲渡経費 | G34: =-G16 -> 0 | K34: 総額 | L34: 50000000 | M34: →土地・建物の合計額
C35: 所得税・住民税 | G35: =-G29 -> 0
C36: その他 | H36: 借入金の返済など | K36: 耐用年数 | L36: 非事業 | M36: 事業
C37: その他② | H37: 登記費用など | K37: 木造 | L37: 0.031 | M37: 0.046 | N37: 22年
C38: 手取り額 | G38: =SUM(G33:G37) -> 0 | K38: 鉄筋 | L38: 0.015 | M38: 0.022 | N38: 47年
B40: （注）この譲渡所得税の概算計算表は、情報提供の一環として提供するものです。円谷健一税理士事務所は、計算結果の正確性及び安全性に関して責任を負うものではありません。
B41: 詳しは、所轄税務署又は顧問税理士等にご確認ください。

Sheet プルダウン
B2: 税率 | C2: 所得税率 | D2: 住民税率 | E2: 区分
B3: 0.1421 | C3: 0.1021 | D3: 0.04 | E3: 短期
B4: 0.20315 | C4: 0.15315 | D4: 0.05 | E4: 長期
B5: 0.3963 | C5: 0.3063 | D5: 0.09 | E5: 短期（特別控除）
B6: 14.21％/20.315％ | C6: 10.21％/15.315％ | D6: 4%/5% | E6: 長期（特別控除）
E7: 特別控除・軽課の特例
